 Dungeon Crawl Stone Soup version 0.24-a0-189-g5d897e9 (webtiles) character file.

Game seed: 3812775655956357914

53 emperorscorpion the Skirmisher (level 3, -3/43 HPs)
             Began as a Demonspawn Berserker on Mar 16, 2019.
             Was a Believer of Trog.
             Slain by a goblin
             ... wielding a +1 dagger of electrocution
              (8 damage)
             ... on level 2 of the Dungeon.
             The game lasted 00:01:59 (2113 turns).

emperorscorpion the Skirmisher (DsBe)               Turns: 2113, Time: 00:02:01

Health: -3/43      AC: 12    Str: 23    XL:     3   Next: 64%
Magic:  3/3        EV:  7    Int:  8    God:    Trog [**....]
Gold:   69         SH:  0    Dex: 12    Spells: 2/2 levels left

rFire    . . .     SeeInvis .   a - +0 hand axe
rCold    . . .     Gourm    .   (no shield)
rNeg     . . .     Faith    .   l - +1 plate armour
rPois    .         Spirit   .   (helmet restricted)
rElec    .         Reflect  .   (no cloak)
rCorr    .         Harm     .   (no gloves)
MR       .....                  (no boots)
Stlth    ..........             (no amulet)
HPRegen  0.14/turn              (no ring)
MPRegen  0.08/turn              (no ring)

@: berserking, very quick
A: antennae 1
a: Berserk, Trog's Hand, Renounce Religion


You were on level 2 of the Dungeon.
You worshipped Trog.
Trog was pleased with you.
You were hungry.

You visited 1 branch of the dungeon, and saw 2 of its levels.

You collected 69 gold pieces.

Inventory:

Hand Weapons
 a - a +0 hand axe (weapon)
Missiles
 i - 3 needles of sleeping
Armour
 b - a +0 animal skin
 d - a +0 leather armour
 j - a +0 ring mail
 l - a +1 plate armour (worn)
Scrolls
 k - 2 scrolls of magic mapping
Potions
 e - a potion of agility {unknown}
 g - a potion of mutation {unknown}
 h - a potion of flight {unknown}
Comestibles
 c - 5 rations


   Skills:
 + Level 3.5 Fighting
 + Level 3.3 Axes
 + Level 2.2 Armour
 + Level 2.1 Dodging


You had 2 spell levels left.
You didn't know any spells.
Your spell library was empty.

Dungeon Overview and Level Annotations

Branches:
Dungeon (2/15)

Altars:
Dithmenos
Fedhas


Innate Abilities, Weirdness & Mutations

You have a pair of small antennae on your head.


Message History

* * * LOW HITPOINT WARNING * * *
You are too injured to fight recklessly!
You are too injured to fight recklessly!
You are too injured to fight recklessly!
You are too injured to fight recklessly!
You slash the worm!
The worm is severely wounded.
Your plate armour prevents you from hitting the goblin.
The worm bites you!
* * * LOW HITPOINT WARNING * * *
You slash the worm!
You kill the worm!
Trog accepts your kill.
You barely miss the goblin. The goblin closely misses you.
You are feeling hungry.
You closely miss the goblin. You hit the leopard gecko.
You kill the leopard gecko!
Trog accepts your kill. The goblin hits you but does no damage.
You are electrocuted!
You die...

*,,,,,,,,,)....##### #.#.##.#
*,,,,,,,,,#..,** #......####
*****,****#*,** ####.#####.. *,*
*,* #.......>#.# *****,* *,*
#.##.###.#,* *,,,,,* **+** #.##.#
#.#,* *,***** **,,,*
####....###.#.# *,**
**,,,######........##.#.. *,,**
*,***#.†@...##..##.##.###
*,,,******#....g.#..#...#.....###
,,,,,,,**...####.#........P.P....
*,,,****,.***,,..##.#......_...##
*,,*,**,,**,,,#..##.##....P.P..#
*,*,,**,**,,,,#.###.###.#......#
*,,,,*,,*,,,,*#.* #.###.##.#####
***,,*,**,,,**..* #........#
****,*,,,**,,*#######.####


You could see a goblin.

Vanquished Creatures
  An adder (D:2)
  2 worms (D:2)
  3 dart slugs (D:1)
  2 leopard geckos
  3 ball pythons
  A giant cockroach (D:1)
  3 goblins (D:1)
  4 hobgoblins
  4 bats
  4 frilled lizards (D:1)
  4 kobolds
  A rat (D:1)
32 creatures vanquished.

Notes
Turn   | Place    | Note
-------+----------+-------------------------------------------
     0 | D:1      | emperorscorpion the Demonspawn Berserker began the quest
                  | for the Orb.
     0 | D:1      | Reached XP level 1. HP: 18/18 MP: 1/1
   429 | D:1      | Gained mutation: You have a pair of small antennae on your
                  | head. [demonic ancestry]
   429 | D:1      | Reached XP level 2. HP: 23/24 MP: 2/2
  1122 | D:1      | Reached XP level 3. HP: 24/29 MP: 3/3
  1511 | D:2      | Found a blossoming altar of Fedhas.
  1705 | D:2      | Found a shadowy altar of Dithmenos.
  1979 | D:2      | Reached ** piety under Trog
  2113 | D:2      | Slain by a goblin

Levels and vault maps discovered:
D:1:      lemuel_arrival_lava_pool, layout_basic, minivault_11, grunt_decor_cap
D:2:      minmay_evil_eye, layout_loops_corners, marbit_many_paths,
          grunt_decor_mini_mirrors, dk_noncrumbling_2, fedhas_altar_1

Skill      XL: |  1  2  3 |
---------------+----------+-----
Axes           | 3 |  3.3
Dodging        | 2 |  2.1
Armour         | 2 |  2.2
Fighting       | |  3.5

Action                   || total
-------------------------++-------
Melee: Hand axe          ||   109
Invok: Berserk           ||     1
  Use: Scroll            ||     3
  Eat: Chunk             ||     4
Armor: Animal skin       ||     2
       Leather armour    ||    18
       Plate armour      ||     9
Dodge: Dodged            ||    76

Table legend:
 A = Non-vault XP
 B = Vault XP
 C = Vault XP percentage of total XP
 D = Non-vault monster count
 E = Vault monster count
 F = Vault count percentage of total count
                 A         B        C        D         E       F
            +---------+---------+-------+---------+---------+-------
      Total |      56 |      21 |  27.3 |      29 |       3 |   9.4
            +---------+---------+-------+---------+---------+-------
        D:1 |      43 |       0 |   0.0 |      23 |       0 |   0.0
        D:2 |      13 |      21 |  61.8 |       6 |       3 |  33.3
            +---------+---------+-------+---------+---------+-------
